 Dungeon Crawl Stone Soup version 0.16.2-12-gd0ad4c3 (webtiles) character file.

73 pigpen the Grave Robber (level 4, -2/30 HPs)
             Began as a Vampire Necromancer on Oct 17, 2015.
             Shot with a stone by a goblin (4 damage)
             ... led by Robin
             ... on level 2 of the Dungeon.
             The game lasted 00:09:33 (1883 turns).

pigpen the Grave Robber (Vampire Necromancer)       Turns: 1883, Time: 00:09:33

Health: -2/30      AC:  3    Str:  7    XL:     4   Next: 8%
Magic:  0/7        EV: 12    Int: 23    God:
Gold:   65         SH:  0    Dex: 14    Spells: 1 memorised, 6 levels left

rFire  . . .     SeeInvis +     d - +0 dagger
rCold  + . .     Clarity  .     a - +0 robe
rNeg   + + .     SustAb   .     (no shield)
rPois  +         Gourm    .     (no helmet)
rElec  .         Spirit   .     (no cloak)
rCorr  .         Warding  .     (no gloves)
rMut   .         Stasis   .     m - +0 pair of boots
MR     .....                    (no amulet)
Stlth  ++........               (no ring)
                                (no ring)

@: brilliant, regenerating slowly, slowed, very slow, not resistant to hostile
enchantments, unstealthy
A: bottle blood, fangs 3, see invisible, unbreathing
a: Bat Form


You were on level 2 of the Dungeon.
You were very thirsty.

You visited 1 branch of the dungeon, and saw 2 of its levels.

You collected 65 gold pieces.

Inventory:

Hand weapons
 d - a +0 dagger (weapon)
 k - a cursed -3 short sword
Missiles
 j - 10 bolts of frost
Armour
 a - a +0 robe (worn)
 l - a +0 ring mail
 m - a +0 pair of boots (worn)
 o - a +0 leather armour
Scrolls
 f - 2 scrolls of identify {unknown}
 g - a scroll of random uselessness {unknown}
 h - a scroll of enchant armour {unknown}
 i - a scroll of magic mapping {unknown}
 n - a scroll of enchant weapon {unknown}
Potions
 c - 13 potions of blood
 e - 2 potions of brilliance
Books
 b - a book of Necromancy

   Spells                             Type                      Level
   a - Pain                           Necromancy                   1
   b - Animate Skeleton               Necromancy                   1
   c - Vampiric Draining              Necromancy                   3
   d - Regeneration                   Charms/Necromancy            3
   e - Animate Dead                   Necromancy                   4
   f - Control Undead                 Necromancy                   4


   Skills:
 - Level 2.1 Dodging
 - Level 3.0 Stealth
 - Level 2.0 Spellcasting
 + Level 6.2 Necromancy


You had 6 spell levels left.
You knew the following spells:

 Your Spells              Type           Power        Failure   Level  Hunger
a - Pain                  Necr           ####         1%          1    #......


Dungeon Overview and Level Annotations

Branches:
Dungeon (2/15)

Altars:

Annotations:
D:2 Robin


Innate Abilities, Weirdness & Mutations

You heal slowly.
You can bottle blood from corpses.
You have razor-sharp teeth.
You have supernaturally acute eyesight.
You can survive without breathing.


Message History

Drink which item? (? for menu, Esc to quit)
It was a potion of brilliance.
You feel clever all of a sudden.
A hobgoblin comes into view. It is wielding a club.
The hobgoblin barely misses you.
You see here a stone.
The hobgoblin barely misses you.
You see here 2 stones.
Things that are here:
a flail; a scale mail; a wand of slowing {zapped: 5}
Casting: Pain
Confirm with . or Enter, or press ? or * to list all spells.
Aiming: Pain
Press: ? - help, Shift-Dir - straight line, f/p - goblin
Aim: a goblin, wielding a hunting sling (moderately wounded, chance 93%)
The hobgoblin convulses in agony!
You kill the hobgoblin!
The hobgoblin shouts!
The goblin shouts!
The goblin shoots a stone.
The stone hits you.
You die...

. #.....# # .... #.....# #
..... #.....# # .....##
#.....######### ......
+.............'
#...#######.....###.#####
#...#..g(...÷.....#.# #
.g####..g#.#####(....#.#.#####
.......>...g)@†(.(..(.........
g.....†..g.###########.#.####.
.########## #.#.####+
..#.##... ####.##... #.##...
#.##... #.##... ..##...


You could see a hobgoblin and 2 goblins.

Vanquished Creatures
  Terence (D:2)
  2 adders (D:2)
  A giant mite (D:2)
  4 bats
  6 hobgoblins
  5 jackals
  2 quokkas (D:2)
  2 giant newts (D:1)
  6 goblins
  4 kobolds
  4 rats
37 creatures vanquished.

Notes
Turn   | Place    | Note
--------------------------------------------------------------
     0 | D:1      | pigpen, the Vampire Necromancer, began the quest for the Orb.
     0 | D:1      | Reached XP level 1. HP: 13/13 MP: 3/3
   189 | D:1      | Reached XP level 2. HP: 11/19 MP: 0/4
   263 | D:1      | Reached skill level 5 in Necromancy
  1031 | D:2      | Reached XP level 3. HP: 17/24 MP: 1/6
  1850 | D:2      | Noticed Terence
  1853 | D:2      | Noticed Robin
  1857 | D:2      | Reached skill level 6 in Necromancy
  1867 | D:2      | Killed Terence
  1867 | D:2      | Reached XP level 4. HP: 16/30 MP: 2/7
  1883 | D:2      | Shot with a stone by a goblin

Action                   |  1- 3 |  4- 6 || total
-------------------------+-------+-------++-------
Melee: Dagger            |    14 |       ||    14
 Cast: Pain              |    54 |     5 ||    59
  Use: Potion            |     1 |     1 ||     2
